 Dungeon Crawl Stone Soup version 0.27-a0-1105-g946c659c87 (webtiles) character file.

Game seed: 88500000024202958

2778 DogServant the Magician (level 9, -2/66 HPs)
             Began as a Gnoll Venom Mage on Apr 29, 2021.
             Was an Initiate of Okawaru.
             Killed from afar by a steam dragon (15 damage)
             ... with a ball of steam
             ... on level 7 of the Dungeon.
             The game lasted 00:19:58 (11682 turns).

DogServant the Magician (Gnoll Venom Mage)         Turns: 11682, Time: 00:19:59

Health: -2/66      AC:  4    Str: 15    XL:     9   Next: 70%
Magic:  17/19      EV: 14    Int: 17    God:    Okawaru [......]
Gold:   597        SH:  0    Dex: 12    Spells: 8/21 levels left

rFire    . . .     SeeInvis .   r - +0 flail
rCold    . . .     Faith    .   (no shield)
rNeg     . . .     Spirit   .   p - +1 leather armour
rPois    .         Reflect  .   (no helmet)
rElec    .         Harm     .   (no cloak)
rCorr    .         Rampage  .   (no gloves)
Will     +....                  (no boots)
Stlth    +++.......             (no amulet)
HPRegen  0.21/turn              i - ring of willpower
MPRegen  0.16/turn              g - +6 ring of strength

@: no status effects
A: fangs 1, strong nose, distributed training
a: Renounce Religion


You were on level 7 of the Dungeon.
You worshipped Okawaru.
Okawaru was noncommittal.
You visited 2 branches of the dungeon, and saw 8 of its levels.
You also visited: Ossuary.

You collected 597 gold pieces.

Inventory:

Hand Weapons
 r - a +0 flail (weapon)
 s - a +2 whip of flaming
Missiles
 n - 2 throwing nets
Armour
 a - a +0 robe
 p - a +1 leather armour (worn)
Jewellery
 g - a +6 ring of strength (right hand)
 i - a ring of willpower (left hand)
Wands
 h - a wand of mindburst (10)
 l - a wand of iceblast (10)
 t - a wand of flame (22)
 w - a wand of charming (5)
Scrolls
 d - 4 scrolls of teleportation
 m - a scroll of vulnerability
 q - a scroll of noise
 x - a scroll of silence
 y - 2 scrolls of magic mapping {unknown}
 z - a scroll of identify
 A - a scroll of summoning
Potions
 b - 3 potions of resistance
 c - 2 potions of brilliance
 e - a potion of magic {unknown}
 f - a potion of attraction
 j - 3 potions of cancellation {unknown}
 k - 8 potions of curing
 o - 2 potions of flight
 u - a potion of haste {unknown}
 v - a potion of mutation


   Skills:
 + Level 4.5 Fighting
 + Level 4.5 Short Blades
 + Level 4.5 Long Blades
 + Level 4.5 Axes
 + Level 4.5 Maces & Flails
 + Level 4.5 Polearms
 + Level 4.5 Staves
 + Level 4.5 Slings
 + Level 4.5 Bows
 + Level 4.5 Crossbows
 + Level 4.5 Throwing
 + Level 4.5 Armour
 + Level 6.5 Dodging
 + Level 6.2 Stealth
 + Level 4.5 Shields
 + Level 4.5 Unarmed Combat
 + Level 6.8 Spellcasting
 + Level 3.7 Conjurations
 + Level 3.7 Hexes
 + Level 3.7 Summonings
 + Level 3.7 Necromancy
 + Level 3.7 Translocations
 + Level 4.3 Transmutations
 + Level 3.7 Fire Magic
 + Level 3.7 Ice Magic
 + Level 3.7 Air Magic
 + Level 3.7 Earth Magic
 + Level 6.7 Poison Magic
 + Level 5.0 Invocations
 + Level 4.5 Evocations


You had 8 spell levels left.
You knew the following spells:

 Your Spells              Type           Power      Damage    Failure   Level
a - Sting                 Tmut/Pois      96%        1d7       1%          1
b - Poisonous Vapours     Pois/Air       46%        N/A       2%          2
c - Ignite Poison         Fire/Tmut/Pois 22%        N/A       6%          3
d - Mephitic Cloud        Conj/Pois/Air  21%        N/A       6%          3
e - Olgreb's Toxic Radia  Pois           28%        N/A       10%         4

Your spell library contained the following spells:

 Spells                   Type           Power      Damage    Failure   Level


Dungeon Overview and Level Annotations

Branches:
Dungeon (7/15)             Temple (1/1) D:6         Ossuary (visited)

Altars:
Ashenzari
Cheibriados
Elyvilon
Fedhas
Hepliaklqana
Kikubaaqudgha
Makhleb
Okawaru
Qazlal
Uskayaw
Vehumet
Xom
Yredelemnul
Zin
The Shining One
Beogh

Shops:
D:4 ?

Annotations:
D:4 3 runed translucent doors, EnegeticOcto's ghost, weakling DjAE
D:5 Menkaure


Innate Abilities, Weirdness & Mutations

You have very sharp teeth.
Your uncanny sense of smell can sniff out nearby items.
Your experience applies equally to all skills.


Message History

Okawaru accepts your kill.
Your Invocations skill increases to level 5!
No target in view!
No target in view!
b - 3 potions of resistance (gained 1)
You now have 569 gold pieces (gained 14).
You now have 582 gold pieces (gained 13).
You now have 597 gold pieces (gained 15).
A steam dragon comes into view.
A steam dragon is nearby!
A steam dragon is nearby!
Casting: Sting (safe; 1% risk of failure)
Confirm with . or Enter, or press ? or * to list all spells.
Aiming: Poisonous Vapours (safe; 2% risk of failure)
Press: ? - help, Dir - move target, f - steam dragon
Aim: a steam dragon (asleep) Poisonous vapours surround the steam dragon!
The steam dragon hisses angrily.
The steam dragon is engulfed in poison gas.
The steam dragon is poisoned.
The steam dragon breathes steam at you. The ball of steam hits you!!
You are engulfed in a cloud of scalding steam.
Casting: Poisonous Vapours (safe; 2% risk of failure)
Confirm with . or Enter, or press ? or * to list all spells.
Aiming: Sting (safe; 1% risk of failure)
Press: ? - help, Shift-Dir - straight line, f/p - steam dragon
Aim: a steam dragon (moderately wounded, wandering, poisoned, hasn't noticed you, 76% to hit)
The sting hits the steam dragon.
The steam dragon looks even sicker.
The steam dragon is heavily wounded.
The steam dragon breathes steam at you. The ball of steam hits you!
You are engulfed in a cloud of scalding steam.
You hit the steam dragon.
The steam dragon is severely wounded.
You are engulfed in a cloud of scalding steam.
* * * LOW HITPOINT WARNING * * *
The steam dragon breathes steam at you. The ball of steam hits you!
You die...

#.... #.# #.#.#
#.# #...# #.#
#...# #.#
###..##### #.#
#.......). #.#
#....##### #D#
##..#...... #@#
#...#...#.# #§#
#.#####..# #§#
##...#...#..
#§#####....#..####
#§............####
#######...........
##...#......
###########


You could see a steam dragon (very poisoned, catching breath).

Vanquished Creatures
  Pikel (D:4)
  Edmund (D:5)
  A water moccasin (D:4)
  A black bear (D:6)
  2 ice beasts
  2 ogres (D:4)
  A necrophage (D:6)
  2 centaurs
  A lemure (D:4)
  2 kobold brigands
  A water moccasin skeleton (D:5)
  4 killer bees (D:5)
  2 bullfrog zombies
  2 jellies
  A centaur zombie (D:7)
  A centaur skeleton (D:4)
  4 hounds
  2 orc priests (D:3)
  2 iguanas
  An orc wizard (D:5)
  2 hound skeletons
  8 mummies (Ossuary)
  A howler monkey zombie (D:6)
  8 adders
  17 gnolls (D:3)
  A howler monkey skeleton (D:5)
  3 shadow imps
  A white imp (D:4)
  2 ufetubi
  A worm (D:2)
  35 orcs
  2 endoplasms (D:3)
  4 giant cockroaches
  7 goblins
  4 hobgoblins
  14 jackals
  9 kobolds
  3 quokkas
  5 ball pythons
  5 bats
  A frilled lizard (D:1)
  3 hobgoblin zombies (Ossuary)
  A jackal zombie (D:7)
  3 kobold zombies (Ossuary)
  2 orc zombies (Ossuary)
  4 rats
180 creatures vanquished.

Vanquished Creatures (collateral kills)
  An orc warrior (D:7)
  An orc zombie (D:7)
2 creatures vanquished.

Grand Total: 182 creatures vanquished

Notes
Turn   | Place    | Note
-------+----------+-------------------------------------------
     0 | D:1      | DogServant the Gnoll Venom Mage began the quest for the
                  | Orb.
     0 | D:1      | Reached XP level 1. HP: 13/13 MP: 6/6
   727 | D:1      | Reached XP level 2. HP: 19/19 MP: 4/7
  1476 | D:2      | Found a shimmering altar of Xom.
  1533 | D:2      | Learned a level 2 spell: Poisonous Vapours
  1538 | D:2      | Reached skill level 5 in Spellcasting
  1538 | D:2      | Reached XP level 3. HP: 25/25 MP: 2/9
  1861 | D:2      | Found a faded altar of an unknown god.
  1874 | D:2      | Reached skill level 1 in Invocations
  2559 | D:3      | Reached skill level 1 in Fighting
  2559 | D:3      | Reached skill level 1 in Short Blades
  2559 | D:3      | Reached skill level 1 in Long Blades
  2559 | D:3      | Reached skill level 1 in Axes
  2559 | D:3      | Reached skill level 1 in Maces & Flails
  2559 | D:3      | Reached skill level 1 in Polearms
  2559 | D:3      | Reached skill level 1 in Staves
  2559 | D:3      | Reached skill level 1 in Slings
  2559 | D:3      | Reached skill level 1 in Bows
  2559 | D:3      | Reached skill level 1 in Crossbows
  2559 | D:3      | Reached skill level 1 in Throwing
  2559 | D:3      | Reached skill level 1 in Armour
  2559 | D:3      | Reached skill level 1 in Shields
  2559 | D:3      | Reached skill level 1 in Unarmed Combat
  2559 | D:3      | Reached skill level 1 in Evocations
  2720 | D:3      | Reached XP level 4. HP: 32/32 MP: 9/11
  2963 | D:3      | Reached skill level 1 in Conjurations
  2963 | D:3      | Reached skill level 1 in Hexes
  2963 | D:3      | Reached skill level 1 in Summonings
  2963 | D:3      | Reached skill level 1 in Necromancy
  2963 | D:3      | Reached skill level 1 in Translocations
  2963 | D:3      | Reached skill level 1 in Fire Magic
  2963 | D:3      | Reached skill level 1 in Ice Magic
  2963 | D:3      | Reached skill level 1 in Air Magic
  2963 | D:3      | Reached skill level 1 in Earth Magic
  3053 | D:3      | Learned a level 3 spell: Ignite Poison
  3057 | D:3      | Learned a level 3 spell: Mephitic Cloud
  3062 | D:3      | Learned a level 4 spell: Olgreb's Toxic Radiance
  3231 | D:3      | Reached XP level 5. HP: 37/37 MP: 4/12
  3425 | D:3      | Reached XP level 6. HP: 32/44 MP: 0/13
  3778 | D:3      | Reached skill level 5 in Dodging
  4579 | D:3      | Reached XP level 7. HP: 41/50 MP: 10/15
  5377 | D:4      | Reached skill level 5 in Stealth
  6534 | D:4      | Noticed a cacodemon
  6535 | D:4      | Found a burning altar of Makhleb.
  6538 | D:4      | Found a glowing silver altar of Zin.
  6539 | D:4      | Noticed an angel
  6641 | D:4      | Found Ibutouxt's Magic Scroll Shop.
  6761 | D:4      | Reached XP level 8. HP: 58/58 MP: 9/16
  6827 | D:4      | Found a runed translucent gate.
  6830 | D:4      | Found a runed translucent gate.
  6830 | D:4      | Noticed EnegeticOcto's ghost (weakling DjAE)
  6831 | D:4      | Found a runed translucent gate.
  6833 | D:4      | Identified the +5 ring mail of Midsummer {rCorr}
  7345 | D:5      | Entered Level 5 of the Dungeon
  7526 | D:5      | Noticed Pikel
  7804 | D:4      | Killed Pikel
  8183 | D:5      | Reached XP level 9. HP: 46/65 MP: 8/18
  8300 | D:5      | Noticed Edmund
  8310 | D:5      | Killed Edmund
  8512 | D:5      | Found a broken altar of Ashenzari.
  8533 | D:5      | Noticed Menkaure
  9273 | D:6      | Found a staircase to the Ecumenical Temple.
  9282 | Temple   | Entered the Ecumenical Temple
  9466 | Temple   | Became a worshipper of Warmaster Okawaru
  9815 | D:6      | HP: 3/66 [acid (10)]
 10668 | D:7      | Found a sand-covered staircase.
 10685 | Ossuary  | Entered an ossuary
 11576 | D:7      | Reached skill level 5 in Invocations
 11682 | D:7      | Killed from afar by a steam dragon

Illustrated notes

Levels and vault maps discovered:
D:1:      minmay_arrival_solitary_statue, layout_loops_corners
D:2:      layout_loops_ring, hellmonk_ecumenical_altar_lost_god, basic_altar,
          grunt_decor_mini_mirrors
D:3:      lemuel_castle_with_subvaults [lemuel_castle_interior_carwin_3],
          layout_basic
D:4:      layout_basic, grunt_temple_overflow_order_and_chaos_2,
          biasface_ghost_orc_armoury, serial_shops, kennysheep_mini
D:5:      layout_cave_pools, nicolae_ashenzari_skybound, uniq_menkaure,
          uniq_edmund, uniq_pikel
D:6:      layout_basic, minmay_temple_entry_poolview, st_stairs_1,
          chequers_serial_rivers_small_a, hangedman_abyss_or_decor_passed
D:7:      layout_loops_ring, gammafunk_temple_overflow_wave, enter_ossuary_3
Temple:   minmay_temple_bridge_abc

Skill      XL: |  1  2  3  4  5  6  7  8  9 |
---------------+----------------------------+-----
Transmutations | 2 3 4 |  4.3
Spellcasting   | 5 6 |  6.8
Invocations    | 1 2 3 4 5 |  5.0
Fighting       | 1 2 3 4 |  4.5
Short Blades   | 1 2 3 4 |  4.5
Long Blades    | 1 2 3 4 |  4.5
Axes           | 1 2 3 4 |  4.5
Maces & Flails | 1 2 3 4 |  4.5
Polearms       | 1 2 3 4 |  4.5
Staves         | 1 2 3 4 |  4.5
Slings         | 1 2 3 4 |  4.5
Bows           | 1 2 3 4 |  4.5
Crossbows      | 1 2 3 4 |  4.5
Throwing       | 1 2 3 4 |  4.5
Armour         | 1 2 3 4 |  4.5
Shields        | 1 2 3 4 |  4.5
Unarmed Combat | 1 2 3 4 |  4.5
Evocations     | 1 2 3 4 |  4.5
Conjurations   | 1 2 3 |  3.7
Hexes          | 1 2 3 |  3.7
Summonings     | 1 2 3 |  3.7
Necromancy     | 1 2 3 |  3.7
Translocations | 1 2 3 |  3.7
Fire Magic     | 1 2 3 |  3.7
Ice Magic      | 1 2 3 |  3.7
Air Magic      | 1 2 3 |  3.7
Earth Magic    | 1 2 3 |  3.7
Dodging        | 5 6 |  6.5
Stealth        | 5 6 |  6.2
Poison Magic   | 6 |  6.7

Action                   |  1- 3 |  4- 6 |  7- 9 || total
-------------------------+-------+-------+-------++-------
Melee: Unarmed           |     1 |       |       ||     1
       Whip              |    28 |    64 |   119 ||   211
       Bite              |     3 |     7 |    35 ||    45
       Punch             |       |       |     4 ||     4
       Flail             |       |       |   178 ||   178
 Cast: Sting             |    41 |    62 |    52 ||   155
       Poisonous Vapours |    10 |    12 |    31 ||    53
       Olgreb's Toxic Ra |       |     6 |     8 ||    14
       Ignite Poison     |       |     2 |    17 ||    19
       Mephitic Cloud    |       |     2 |    15 ||    17
  Use: Scroll            |       |       |    15 ||    15
       Potion            |       |       |     3 ||     3
 Stab: Distracted        |     1 |       |       ||     1
       Confused          |       |     1 |     1 ||     2
       Sleeping          |       |       |     3 ||     3
Armor: Robe              |     4 |     8 |    14 ||    26
       Leather armour    |       |       |    70 ||    70
Dodge: Dodged            |    27 |    58 |   237 ||   322

Table legend: (Time is in decaauts)
 A = Elapsed time spent in this place.
 B = Non-inter-level travel time spent in this place.
 C = Inter-level travel time spent in this place.
 D = Time resting spent in this place.
 E = Time spent auto-exploring this place.
 F = Levels seen in this place.
 G = Mean time per level.
                   A        B        C        D        E       F      G
               +--------+--------+--------+--------+--------+-----+--------+
         Total |  11727 |  11232 |    495 |   2683 |   7088 |   9 | 1303.0 |
       Dungeon |  10756 |  10281 |    475 |   2485 |   6541 |   7 | 1536.6 |
        Temple |    204 |    184 |     20 |      0 |    171 |   1 |  204.0 |
       Ossuary |    765 |    765 |      0 |    198 |    376 |   1 |  765.0 |
               +--------+--------+--------+--------+--------+-----+--------+

Top non-repeatable levels by time:
     D:3: 3198 daAuts
     D:4: 2544 daAuts
     D:6: 1544 daAuts
     D:2: 1377 daAuts
     D:1: 1179 daAuts
 Ossuary: 765 daAuts
     D:5: 630 daAuts
     D:7: 282 daAuts
  Temple: 204 daAuts
